 Dungeon Crawl Stone Soup version 0.29.1-15-g9cfb28693d (webtiles) character file.

Game seed: 12308000593422301926

57 bnorton916 the Firebug (level 3, -5/19 HPs)
             Began as a Deep Elf Fire Elementalist on Feb 23, 2023.
             Slain by a gnoll
             ... wielding a +0 flail
              (11 damage)
             ... on level 1 of the Dungeon.
             The game lasted 00:01:32 (1957 turns).

bnorton916 the Firebug (Deep Elf Fire Elementalist) Turns: 1957, Time: 00:01:32

Health: -5/19      AC:  4    Str:  5    XL:     3   Next: 73%
Magic:  7/10       EV: 12    Int: 21    God:
Gold:   119        SH:  0    Dex: 15    Spells: 4/10 levels left

rFire   . . .      SeeInvis .   (no weapon)
rCold   . . .      Faith    .   (no shield)
rNeg    . . .      Spirit   .   a - +0 robe
rPois   .          Reflect  .   (no helmet)
rElec   .          Harm     .   k - +0 cloak
rCorr   .          Rampage  .   j - +0 pair of gloves
Will    .....                   (no boots)
Stlth   ++........              (no amulet)
HPRegen 0.06/turn               (no ring)
MPRegen 0.12/turn               (no ring)

@: no status effects
A: no striking features
a: no special abilities


You were on level 1 of the Dungeon.
You visited 1 branch of the dungeon, and saw 2 of its levels.

You collected 119 gold pieces.

Inventory:

Armour
 a - a +0 robe (worn)
 j - a +0 pair of gloves (worn)
 k - a +0 cloak (worn)
Scrolls
 c - a scroll of poison {unknown}
 d - a scroll of magic mapping {unknown}
 h - a scroll of fog {unknown}
 i - a scroll of teleportation {unknown}
 l - a scroll of identify {unknown}
Potions
 b - 2 potions of magic
 e - a potion of might {unknown}
 f - 3 potions of curing {unknown}
 g - 2 potions of berserk rage {unknown}


   Skills:
 - Level 2.4 Dodging
 - Level 2.4 Stealth
 + Level 4.0 Spellcasting
 + Level 2.4 Conjurations
 + Level 4.0 Fire Magic


You had 4 spell levels left.
You knew the following spells:

 Your Spells              Type           Power      Damage    Failure   Level
a - Foxfire               Conj/Fire      68%        2x1d7     3%          1
b - Scorch                Fire           42%        2d7       3%          2
c - Conjure Flame         Conj/Fire      17%        6-21      10%         3

Your spell library contained the following spells:

 Spells                   Type           Power      Damage    Failure   Level
 Inner Flame              Hex/Fire       12%        N/A       16%         3
 Ensorcelled Hibernation  Hex/Ice        8%         N/A       19%         2
 Flame Wave               Conj/Fire      17%        2d7       30%         4
 Spider Form              Tmut/Pois      4%         N/A       34%         3
 Anguish                  Hex/Necr       2%         N/A       75%         4


Dungeon Overview and Level Annotations

Branches:
Dungeon (2/15)

Altars:


Message History

There is a stone staircase leading down here.
Casting: Scorch (safe; 3% risk of failure)
Confirm with . or Enter, or press ? or * to list all spells.
Flames lash the gnoll.
The gnoll is heavily wounded.
The gnoll's fire resistance burns away.
The gnoll hits you with a +0 whip. The gnoll misses you.
Casting: Scorch (safe; 3% risk of failure)
Confirm with . or Enter, or press ? or * to list all spells.
Flames lash the gnoll.
The gnoll is burned terribly!
You kill the gnoll!
Your Spellcasting skill increases to level 4!
You start resting.
Magic restored.
You start resting.
HP restored.
You start waiting.
You start waiting.
Done waiting.
You climb downwards.
The gnoll closely misses you.
There is a stone staircase leading up here.
Casting: Scorch (safe; 3% risk of failure)
Confirm with . or Enter, or press ? or * to list all spells.
Flames lash the gnoll.
The gnoll is severely wounded.
The gnoll's fire resistance burns away.
The gnoll hits you with a +0 flail. The gnoll hits you with a +0 flail!
Ouch! That really hurt!
* * * LOW HITPOINT WARNING * * *
A gnoll comes into view. It is wielding a +0 club.
The gnoll shouts!
Unknown command.
The gnoll barely misses you.
You climb upwards.
There is a stone staircase leading down here.
Casting: Scorch (safe; 3% risk of failure)
Confirm with . or Enter, or press ? or * to list all spells.
You conjure some foxfire!
The gnoll hits you with a +0 flail!
Ouch! That really hurt!
You die...

........########.##
##..⌠..###........#
.......# #.#####..#
##.....###.#...#..#
.#.#...........#..#
##.#.#..##.....#..#
..........#....#..#
######.#.......#vg##
..........(.....@..#
##.#.#.........#v###
#.#.####.#..#.#.#
#.............#.#
####.####.######.#
.......#.........#
.......#..######.#
.......+..# #.#
.......##.# #.#


You could see a gnoll (combustible, ally target).

Vanquished Creatures
  2 gnolls
  An adder (D:2)
  An orc (D:2)
  7 ball pythons
  2 bats (D:2)
  5 endoplasms
  2 goblins (D:1)
  A hobgoblin (D:1)
  2 frilled lizards
  3 kobolds
  2 rats (D:1)
28 creatures vanquished.

Vanquished Creatures (others)
  122 foxfires
122 creatures vanquished.

Grand Total: 150 creatures vanquished

Notes
Turn   | Place    | Note
-------+----------+-------------------------------------------
     0 | D:1      | bnorton916 the Deep Elf Fire Elementalist began the quest
                  | for the Orb.
     0 | D:1      | Reached XP level 1. HP: 10/10 MP: 6/6
   180 | D:1      | Reached XP level 2. HP: 14/15 MP: 5/8
  1159 | D:2      | Reached XP level 3. HP: 19/19 MP: 8/10
  1162 | D:2      | Learned a level 2 spell: Scorch
  1166 | D:2      | Learned a level 3 spell: Conjure Flame
  1327 | D:2      | Identified the +4 hand axe of Courage {drain, MP-9 Str+7
                  | SInv}
  1957 | D:1      | Slain by a gnoll

Illustrated notes

Levels and vault maps discovered:
D:1:      dpeg_arrival_ternary, layout_basic, dreamdust_wishing_well
D:2:      layout_loops_ring, dreamdust_ecumenical_altar_hidden_monk_grotto

Skill      XL: |  1  2  3 |
---------------+----------+-----
Conjurations   | 2 |  2.4
Fire Magic     | 4 |  4.0
Spellcasting   | 4 |  4.0
Dodging        | |  2.4
Stealth        | |  2.4

Action                   || total
-------------------------++-------
 Cast: Foxfire           ||    78
       Scorch            ||     5
Armor: Robe              ||     2
Dodge: Dodged            ||    11
